 Dungeon Crawl Stone Soup version 0.29.1-13-g9f3cf754e1 (webtiles) character file.

Game seed: 8289571438284213884

172 booth the Twirler (level 5, -6/41 HPs)
             Began as a Gnoll Wanderer on Feb 4, 2023.
             Was a Believer of Qazlal.
             Succumbed to a kobold brigand's poison
             ... on level 3 of the Dungeon on Feb 5, 2023.
             The game lasted 00:16:06 (2291 turns).

booth the Twirler (Gnoll Wanderer)                  Turns: 2291, Time: 00:16:07

Health: -6/41      AC:  3    Str: 12    XL:     5   Next: 53%
Magic:  7/9        EV: 11    Int: 14    God:    Qazlal [**....]
Gold:   95         SH:  2    Dex: 10    Spells: 6/10 levels left

rFire   . . .      SeeInvis .   a - +2 quarterstaff
rCold   . . .      Faith    .   (shield currently unavailable)
rNeg    . . .      Spirit   .   e - +0 leather armour
rPois   .          Reflect  .   (no helmet)
rElec   .          Harm     .   (no cloak)
rCorr   .          Rampage  .   (no gloves)
Will    .....                   (no boots)
Stlth   +.........              (no amulet)
HPRegen 0.13/turn               (no ring)
MPRegen 0.11/turn               (no ring)

@: lethally poisoned (-6 -> -39), slowed, very slow
A: fangs 1, strong nose, distributed training
a: Renounce Religion, Upheaval


You were on level 3 of the Dungeon.
You worshipped Qazlal.
Qazlal was pleased with you.
You visited 1 branch of the dungeon, and saw 3 of its levels.

You collected 95 gold pieces.

Inventory:

Hand Weapons
 a - a +2 quarterstaff (weapon)
 c - a +0 dagger
Missiles
 b - 18 boomerangs (quivered)
 f - 31 stones
Armour
 e - a +0 leather armour (worn)
Scrolls
 j - a scroll of brand weapon {unknown}
 k - a scroll of blinking {unknown}
 l - 3 scrolls of teleportation {unknown}
 m - a scroll of magic mapping {unknown}
 q - a scroll of vulnerability {unknown}
Potions
 g - a potion of curing {unknown}
 h - a potion of degeneration {unknown}
 i - a potion of lignification {unknown}
 n - a potion of brilliance {unknown}
 o - a potion of flight {unknown}
 p - a potion of resistance {unknown}
 r - 2 potions of heal wounds {unknown}
 s - a potion of attraction {unknown}


   Skills:
 + Level 3.0 Fighting
 + Level 1.6 Short Blades
 + Level 1.6 Long Blades
 + Level 1.6 Axes
 + Level 1.6 Maces & Flails
 + Level 1.6 Polearms
 + Level 6.7 Staves
 + Level 1.6 Ranged Weapons
 + Level 3.0 Throwing
 + Level 3.0 Armour
 + Level 1.6 Dodging
 + Level 1.6 Stealth
 + Level 1.6 Shields
 + Level 1.6 Unarmed Combat
 + Level 3.2 Spellcasting
 + Level 4.0 Conjurations
 + Level 1.2 Hexes
 + Level 1.2 Summonings
 + Level 1.2 Necromancy
 + Level 1.2 Translocations
 + Level 1.2 Transmutations
 + Level 1.2 Fire Magic
 + Level 1.2 Ice Magic
 + Level 1.2 Air Magic
 + Level 1.2 Earth Magic
 + Level 1.2 Poison Magic
 + Level 3.1 Invocations
 + Level 1.6 Evocations


You had 6 spell levels left.
You knew the following spells:

 Your Spells              Type           Power      Damage    Failure   Level
a - Magic Dart            Conj           52%        1d5       5%          1
b - Dazzling Flash        Conj/Hex       18%        N/A       26%         3

Your spell library contained the following spells:

 Spells                   Type           Power      Damage    Failure   Level


Dungeon Overview and Level Annotations

Branches:
Dungeon (3/15)

Altars:
Qazlal

Annotations:
D:3 1 runed translucent door, Crazy Yiuf


Innate Abilities, Weirdness & Mutations

You have very sharp teeth.
Your uncanny sense of smell can sniff out nearby items.
Your experience applies equally to all skills.


Message History

The poisoned dart completely misses you.
Casting: Magic Dart (safe; 5% risk of failure)
Confirm with . or Enter, or press ? or * to list all spells.
Aiming: Magic Dart (safe; 5% risk of failure)
Press: ? - help, Shift-Dir - straight line, f - kobold brigand
Aim: a kobold brigand, wielding a +0 club and quivering poisoned darts (100% to hit)
The magic dart hits the kobold brigand.
The kobold brigand is lightly wounded.
The kobold brigand throws a poisoned dart.
The poisoned dart misses you.
Casting: Magic Dart (safe; 5% risk of failure)
Confirm with . or Enter, or press ? or * to list all spells.
Aiming: Magic Dart (safe; 5% risk of failure)
Press: ? - help, Shift-Dir - straight line, f/p - kobold brigand
Aim: a kobold brigand, wielding a +0 club and quivering poisoned darts (lightly wounded, 100% to hit)
The magic dart hits the kobold brigand.
The kobold brigand is lightly wounded.
The kobold brigand throws a curare-tipped dart.
The curare-tipped dart hits you.
You are poisoned.
You have difficulty breathing.
You feel yourself slow down.
The kobold brigand throws a poisoned dart.
The poisoned dart hits you!
You are lethally poisoned!
You feel extremely sick.
The kobold brigand throws a curare-tipped dart.
The curare-tipped dart hits you.
You are more poisoned.
You have difficulty breathing.
You feel as though you will be slow longer.
* * * LOW HITPOINT WARNING * * *
You feel extremely sick.
The kobold brigand throws a curare-tipped dart.
The curare-tipped dart misses you.
The kobold brigand throws a poisoned dart.
The poisoned dart hits you!
You are more poisoned.
As you read the scroll of butterflies, it crumbles to dust.
You hear the tinkle of a tiny bell.
You die...

..########...# #......##..# #
.....<.# ##.# #......# #...#
.......# .. ######## ##.#
.......# . ##### #.. ..##....#
####~~~### #..# ..# .##.#####
~~~~~~~~#####.## #...
.###..K######~~~≈~≈~ #.... #
#######...K...bbb###≈≈≈####.#####
∆$....###..bb@bb#####...).....
∆... #≈######bb.....))))†...> #
≈~ ###.....####..### ~≈~~
########.#.## #~~~~ #...# ###.# #
##### #.# ( ###### #.# .# .....##
#.###.#


You could see 2 kobold brigands.

Vanquished Creatures
  An ogre (D:3)
  An adder (D:3)
  2 worms
  An orc (D:3)
  8 endoplasms
  A giant cockroach (D:1)
  7 goblins
  8 hobgoblins
  3 jackals (D:1)
  7 quokkas
  6 ball pythons
  4 bats
  2 frilled lizards
  11 kobolds
  3 rats
65 creatures vanquished.

Notes
Turn   | Place    | Note
-------+----------+-------------------------------------------
     0 | D:1      | booth the Gnoll Wanderer began the quest for the Orb.
     0 | D:1      | booth set off with the following items: a +2 quarterstaff,
                  | 7 boomerangs, a +0 dagger, a scroll of butterflies, a +0
                  | leather armour; and the following spell memorised: Magic
                  | Dart; and the following spells available to memorise:
                  | Dazzling Flash.
     0 | D:1      | Reached XP level 1. HP: 17/17 MP: 4/4
   195 | D:1      | Reached XP level 2. HP: 23/23 MP: 2/5
   744 | D:1      | Reached XP level 3. HP: 28/28 MP: 2/7
   748 | D:1      | Learned a level 3 spell: Dazzling Flash
  1079 | D:2      | Found a faded altar of an unknown god.
  1083 | D:2      | Prayed at the altar of an unknown god.
  1083 | D:2      | Became a worshipper of Qazlal Stormbringer
  1083 | D:2      | Reached * piety under Qazlal
  1592 | D:2      | Reached skill level 1 in Short Blades
  1592 | D:2      | Reached skill level 1 in Long Blades
  1592 | D:2      | Reached skill level 1 in Axes
  1592 | D:2      | Reached skill level 1 in Maces & Flails
  1592 | D:2      | Reached skill level 1 in Polearms
  1592 | D:2      | Reached skill level 1 in Ranged Weapons
  1592 | D:2      | Reached skill level 1 in Dodging
  1592 | D:2      | Reached skill level 1 in Stealth
  1592 | D:2      | Reached skill level 1 in Shields
  1592 | D:2      | Reached skill level 1 in Unarmed Combat
  1592 | D:2      | Reached skill level 1 in Evocations
  1796 | D:3      | Noticed an ogre
  1814 | D:3      | Killed an ogre
  1815 | D:3      | Reached skill level 1 in Hexes
  1815 | D:3      | Reached skill level 1 in Summonings
  1815 | D:3      | Reached skill level 1 in Necromancy
  1815 | D:3      | Reached skill level 1 in Translocations
  1815 | D:3      | Reached skill level 1 in Transmutations
  1815 | D:3      | Reached skill level 1 in Fire Magic
  1815 | D:3      | Reached skill level 1 in Ice Magic
  1815 | D:3      | Reached skill level 1 in Air Magic
  1815 | D:3      | Reached skill level 1 in Earth Magic
  1815 | D:3      | Reached skill level 1 in Poison Magic
  1815 | D:3      | Reached XP level 4. HP: 27/35 MP: 1/8
  1815 | D:3      | Reached XP level 5. HP: 31/41 MP: 1/9
  2049 | D:3      | Reached ** piety under Qazlal
  2183 | D:3      | Found a runed translucent door.
  2184 | D:3      | Noticed Crazy Yiuf
  2281 | D:3      | Noticed a kobold brigand
  2281 | D:3      | Noticed a kobold brigand
  2291 | D:3      | Succumbed to a kobold brigand's poison

Illustrated notes

Levels and vault maps discovered:
D:1:      dpeg_arrival_ternary, layout_basic, interstate_on_off,
          minmay_misc_feat_columns
D:2:      layout_rooms, nicolae_ecumenical_pavilion, eino_tiny_chamber,
          minmay_misc_feat_enclosed
D:3:      cheibrodos_thug_alley, layout_rooms, uniq_crazy_yiuf_cottage

Skill      XL: |  1  2  3  4  5 |
---------------+----------------+-----
Short Blades   | 1 |  1.6
Long Blades    | 1 |  1.6
Axes           | 1 |  1.6
Maces & Flails | 1 |  1.6
Polearms       | 1 |  1.6
Ranged Weapons | 1 |  1.6
Dodging        | 1 |  1.6
Stealth        | 1 |  1.6
Shields        | 1 |  1.6
Unarmed Combat | 1 |  1.6
Evocations     | 1 |  1.6
Fighting       | 3 |  3.0
Throwing       | 3 |  3.0
Armour         | 3 |  3.0
Spellcasting   | 3 |  3.2
Hexes          | 1 |  1.2
Summonings     | 1 |  1.2
Necromancy     | 1 |  1.2
Translocations | 1 |  1.2
Transmutations | 1 |  1.2
Fire Magic     | 1 |  1.2
Ice Magic      | 1 |  1.2
Air Magic      | 1 |  1.2
Earth Magic    | 1 |  1.2
Poison Magic   | 1 |  1.2
Invocations    | 3 |  3.1
Conjurations   | 4 |  4.0
Staves         | |  6.7

Action                   |  1- 3 |  4- 6 || total
-------------------------+-------+-------++-------
Melee: Quarterstaff      |    81 |    22 ||   103
       Bite              |     4 |     1 ||     5
Throw: Boomerang         |       |     3 ||     3
 Cast: Magic Dart        |    49 |    18 ||    67
  Use: Scroll            |       |     1 ||     1
Armor: Leather armour    |    15 |     3 ||    18
Dodge: Dodged            |    52 |    14 ||    66
Block: Other             |     1 |     1 ||     2
